Description

2 base all-in with 3 or 4 sentry Adept, 1 or 2 immortal and prism. with resonating glaives

Replay - IIIIIIIIIIII v LOVEsnipeR - Frost LE

Build Order

Get SALT Encoding   

  12  0:01  Probe (Chrono Boost)  
  13  0:12  Probe (Chrono Boost)  
  14  0:17  Pylon  
  14  0:22  Probe (Chrono Boost)  
  16  0:35  Probe (Chrono Boost)  
  16  0:37  Gateway  
  16  0:43  Assimilator  
  16  0:46  Probe (Chrono Boost)  
  17  0:51  Assimilator  
  17  0:56  Probe (Chrono Boost)  
  18  1:07  Probe (Chrono Boost)  
  19  1:15  Gateway  
  19  1:18  Probe (Chrono Boost)  
  20  1:25  Cybernetics Core  
  20  1:28  Probe (Chrono Boost)  
  21  1:39  Probe (Chrono Boost)  
  22  1:47  Warp Gate, Pylon  
  22  1:49  Probe (Chrono Boost)  
  23  2:05  Adept x2  
  29  2:09  Mothership Core (Chrono Boost)  
  29  2:11  Pylon  
  29  2:29  Probe (Chrono Boost)  
  30  2:33  Adept x2  
  34  2:41  Probe (Chrono Boost)  
  35  2:49  Pylon  
  35  3:00  Nexus  
  35  3:07  Probe (Chrono Boost)  
  36  3:13  Robotics Facility  
  36  3:19  Probe (Chrono Boost)  
  37  3:23  Pylon  
  37  3:32  Probe (Chrono Boost)  
  38  3:46  Pylon  
  39  3:49  Probe (Chrono Boost)  
  39  3:59  Immortal  
  39  4:00  Pylon  
  39  4:03  Pylon  
  43  4:10  Pylon  
  43  4:11  Probe (Chrono Boost)  
  43  4:18  Probe (Chrono Boost)  
  43  4:23  Twilight Council  
  45  4:24  Probe (Chrono Boost)  
  45  4:29  Probe (Chrono Boost)  
  46  4:36  Probe (Chrono Boost)  
  46  4:40  Probe (Chrono Boost)  
  47  4:47  Observer  
  47  4:48  Probe (Chrono Boost)  
  47  4:52  Probe (Chrono Boost)  
  50  5:00  Probe (Chrono Boost), Pylon, Resonating Glaives  
  50  5:02  Probe (Chrono Boost)  
  51  5:12  Probe (Chrono Boost)  
  51  5:13  Probe (Chrono Boost)  
  53  5:15  Immortal  
  53  5:19  Pylon  
  57  5:22  Pylon  
  57  5:28  Sentry x2  
  61  5:31  Probe (Chrono Boost)  
  62  5:40  Gateway  
  62  5:44  Gateway  
  62  5:49  Warp Prism  
  62  5:50  Gateway  
  62  5:51  Sentry  
  62  5:52  Sentry  
  68  5:58  Gateway  
  68  6:01  Gateway  
  68  6:07  Pylon  
  68  6:15  Adept x2  
  72  6:20  Pylon  
  72  6:22  Observer  
  73  6:44  Adept x4  
  73  6:45  Probe (Chrono Boost)  
  82  6:53  Archon x2  
  82  6:58  Pylon  
  82  7:00  Adept x3  
  88  7:04  Adept x2  
  88  7:05  Adept x2  
  96  7:27  Adept x7  
  108  7:40  Pylon  
  108  7:48  Adept x5  
Spawning Tool Build Advisor. Get it on Overwolf

Analysis

Force the three pylon overcharge with the adept`s shadow. Use the prism for reinforcement

Go to:

Details

  • Created by: Zeruell
  • Published on: Sep 15, 2016
  • Modified on: Sep 15, 2016
  • Patch: Pre-3.8.0
Show
View Real Time Build Order
Export as new Build Order

Comments (0)

There are no comments. Be the first!

Create an account to comment!